Map: Acropolis LE

Players

Murena

  • Race: Terran Terran
  • Spawn Location: 5:00

ИИ 1 (эксперт) - Winner!

  • Race: Terran Terran
  • Spawn Location: 11:00

VOD

Have the link to the VOD?

Description

Time

  • Played on: June 16, 2019, 9:45 a.m.
  • Length: 8:22
Show
View Real Time Build Order
Export as new Build Order

Murena Terran 

Build Orders:  

Get SALT Encoding   

  12  0:01  SCV  
  13  0:15  Supply Depot  
  13  0:18  SCV  
  14  0:30  SCV  
  15  0:38  Barracks  
  15  0:43  SCV  
  16  0:55  SCV  
  17  1:15  Command Center  
  17  1:19  SCV  
  17  1:25  Marine  
  19  1:32  Refinery  
  19  1:38  Orbital Command  
  19  1:43  Marine  
  20  1:56  Supply Depot  
  20  2:01  Marine  
  20  2:04  SCV  
  22  2:10  Barracks  
  22  2:16  SCV  
  22  2:20  Marine  
  24  2:28  Orbital Command  
  24  2:32  SCV  
  25  2:38  Barracks Reactor  
  25  2:39  Bunker  
  25  2:45  SCV  
  25  2:46  Refinery  
  27  2:58  SCV x2  
  27  3:00  Marine  
  27  3:01  Factory  
  29  3:11  SCV x2  
  31  3:14  Marine x2  
  31  3:19  Barracks Tech Lab  
  33  3:25  Supply Depot  
  33  3:27  SCV  
  33  3:28  SCV, Engineering Bay  
  33  3:33  Marine x2  
  37  3:38  Marauder, Concussive Shells  
  37  3:40  SCV  
  37  3:41  SCV  
  41  3:51  Factory Tech Lab  
  41  3:52  Marine x2  
  41  3:53  SCV  
  41  3:54  SCV  
  45  3:56  Terran Infantry Weapons Level 1  
  45  4:01  Marauder  
  47  4:04  Supply Depot  
  47  4:07  SCV  
  47  4:08  Missile Turret  
  47  4:09  SCV  
  49  4:13  Hellion  
  49  4:15  Marine  
  49  4:16  Marine  
  53  4:22  SCV, Missile Turret  
  54  4:26  SCV  
  55  4:31  Marauder  
  55  4:35  Supply Depot  
  55  4:36  Cyclone  
  60  4:38  SCV  
  60  4:44  Supply Depot  
  61  4:49  Engineering Bay  
  61  4:51  SCV  
  62  4:57  Starport  
  62  4:58  Marauder, Marine x2  
  66  5:01  SCV  
  66  5:03  Combat Shield  
  66  5:05  SCV  
  68  5:10  Cyclone  
  68  5:14  SCV, Refinery  
  72  5:18  Marine  
  72  5:19  Marine  
  72  5:20  SCV, Supply Depot  
  75  5:22  Marauder  
  75  5:27  SCV  
  78  5:35  Terran Infantry Armor Level 1  
  78  5:38  Starport Tech Lab  
  78  5:44  Supply Depot  
  78  5:45  Marine, Hellion  
  78  5:46  Marine  
  78  5:47  Marauder, SCV  
  78  5:48  SCV  
Show
View Real Time Build Order
Export as new Build Order

ИИ 1 (эксперт) Terran - Winner!

Build Orders: Mech 

Get SALT Encoding   

  12  0:00  SCV  
  13  0:13  SCV  
  14  0:18  Supply Depot  
  14  0:25  SCV  
  15  0:40  SCV  
  15  0:42  Barracks  
  16  0:52  SCV  
  17  1:04  SCV  
  18  1:16  SCV  
  18  1:18  Command Center  
  19  1:28  Marine  
  20  1:33  Orbital Command  
  20  1:40  Refinery  
  20  1:46  Marine  
  21  1:51  Supply Depot  
  21  1:58  SCV  
  22  2:02  Refinery  
  22  2:04  Marine  
  23  2:12  SCV  
  24  2:22  Marine  
  25  2:24  SCV  
  27  2:30  SCV  
  27  2:39  Marine  
  27  2:42  Factory, Orbital Command  
  28  2:44  SCV  
  29  2:56  Factory  
  29  2:57  Marine  
  31  2:58  SCV  
  31  3:07  SCV  
  31  3:10  SCV  
  33  3:15  Marine  
  33  3:19  SCV, Supply Depot  
  35  3:22  SCV  
  35  3:26  Factory Tech Lab  
  36  3:32  SCV  
  36  3:33  Marine  
  38  3:34  SCV  
  38  3:40  Hellion  
  41  3:44  SCV, Supply Depot  
  41  3:47  Siege Tank  
  45  3:50  SCV  
  45  3:54  Marine  
  47  3:56  SCV  
  47  4:01  Hellion  
  50  4:03  SCV  
  50  4:07  Supply Depot  
  50  4:08  SCV  
  52  4:12  Marine  
  52  4:15  SCV  
  54  4:19  Siege Tank  
  54  4:20  SCV  
  54  4:23  Supply Depot, Hellion  
  60  4:27  SCV  
  60  4:29  Armory  
  61  4:32  SCV  
  62  4:39  SCV  
  62  4:40  Supply Depot  
  62  4:43  Marine  
  62  4:44  SCV, Hellion  
  67  4:49  Supply Depot  
  67  4:51  Siege Tank, SCV  
  71  4:56  SCV  
  71  4:57  Infernal Pre-Igniter  
  72  5:03  SCV, Refinery  
  72  5:05  Hellion, Refinery  
  75  5:08  SCV  
  75  5:13  Barracks  
  76  5:23  Siege Tank  
  76  5:25  Barracks Tech Lab  
  76  5:26  SCV x2  
  81  5:35  Command Center  
  81  5:36  Terran Vehicle Weapons Level 1  
  81  5:38  SCV  
  81  5:39  SCV  
  83  5:43  Supply Depot  
  83  5:50  SCV  
  83  5:51  SCV  
  83  5:55  Hellion  
  83  5:56  Armory  
  87  6:04  Engineering Bay  
  87  6:05  Factory  
  87  6:17  Factory Tech Lab  
  87  6:18  Siege Tank  
  90  6:32  Supply Depot  
  90  6:34  Missile Turret  
  90  6:36  Siege Tank  
  92  6:40  Marauder  
  92  6:41  Missile Turret  
  85  6:47  Marine  
  85  6:49  Hellion  
  85  6:51  Hellion  
  71  6:56  Engineering Bay  
  71  6:59  SCV  
  63  7:01  Marauder  
  63  7:04  Marine  
  63  7:05  SCV  
  63  7:08  Siege Tank  
  65  7:10  Hellion  
  65  7:11  SCV  
  65  7:12  Hellion  
  59  7:18  SCV  
  59  7:22  Marine x2  
  53  7:23  SCV  
  39  7:30  SCV  
  39  7:32  Hellion  
  39  7:33  Siege Tank  
  39  7:35  SCV  
  37  7:40  SCV, Marine, Hellion  
  37  7:41  Marauder  
  37  7:42  SCV  
  40  7:47  SCV  
  34  7:54  SCV  
  34  7:58  Marine  
  24  8:06  SCV x2  
Tags
 
Composition
Mech
Matchup
ТvТ
Spawn Locations
Cross Positions
Add a new tag
Caveats
  • Supply blocks, unpowered buildings, or Contaminate may cause inaccurate times.
  • Supply counts are checked every 10 seconds.